 Seeded DCSS version 0.30-a0-305-g026cb31310 (webtiles) character file.

Game seed: 17790380096243088950 (custom seed)

150552 purpskrrrp the Fetichist (level 18, 0/115 HPs)
             Began as a Formicid Delver on Oct 22, 2022.
             Was the Champion of Hepliaklqana.
             Killed from afar by a Hell Sentinel (33 damage)
             ... with damnation
             ... summoned by a deep elf demonologist
             ... on level 3 of the Elven Halls.
             The game lasted 01:17:20 (27168 turns).

purpskrrrp the Fetichist (Formicid Delver)         Turns: 27168, Time: 01:17:20

Health: 0/115      AC: 27    Str: 34    XL:     18   Next: 16%
Magic:  18/18      EV: 14    Int: 12    God:    Hepliaklqana [******]
Gold:   1555       SH: 27    Dex: 28    Spells: 17/17 levels left

rFire   + + +      SeeInvis +    h - +3 Elemental Staff {rElec rF++ rC++ AC+5}
rCold   + + +      Faith    .    n - +4 tower shield {rC+}
rNeg    + . .      Spirit   .    J - +1 plate armour {rN+}
rPois   .          Reflect  .    (helmet unavailable)
rElec   +          Harm     .    G - +0 cloak of the Turtle {Dex+7}
rCorr   .          Rampage  .    (no gloves)
Will    .....                    b - +0 pair of boots
Stlth   ++........               y - amulet of magic regeneration
HPRegen 0.39/turn                g - ring of Ponkanoz {rF+ Int+6 Dex+6 Stlth+}
MPRegen 0.56/turn                D - ring of Ekeiply {rElec Will- EV+4 Str+10 Int-5}

@: studying 2 skills
A: reduced essence, permanent stasis, dig shafts and tunnels, antennae 3, four
strong arms, iridescent scales 1, frail 1, sturdy frame 1
a: Dig, Shaft Self, Renounce Religion, Recall Ancestor, Ancestor Identity,
Transference, Idealise


You were on level 3 of the Elven Halls.
You worshipped Hepliaklqana.
Hepliaklqana was exalted by your worship.
You visited 4 branches of the dungeon, and saw 25 of its levels.
You visited 1 bazaar.
You also visited: Ice Cave.

You collected 2782 gold pieces.
You spent 1227 gold pieces at shops.

Inventory:

Hand Weapons
 h - the +3 Elemental Staff (weapon) {rElec rF++ rC++ AC+5}
   (You acquired it on level 5 of the Dungeon)

   If the wielder is skilled in Evocations, they can discharge powerful blasts
   of elemental energy when striking with it.
   It enhances your fire, ice, earth and air magic.
   AC:        It affects your AC (+5).
   rF:        It greatly protects you from fire.
   rC:        It greatly protects you from cold.
   rElec:     It insulates you from electricity.
 l - a +0 giant spiked club of freezing
Armour
 b - a +0 pair of boots (worn)
 d - +0 fire dragon scales
 n - a +4 tower shield of cold resistance (worn)
 G - the +0 cloak of the Turtle (worn) {Dex+7}
   (You bought it in a shop on level 7 of the Dungeon)

   Dex:       It affects your dexterity (+7).
 J - a +1 plate armour of positive energy (worn)
 U - +0 acid dragon scales
Jewellery
 g - the ring of Ponkanoz (left hand) {rF+ Int+6 Dex+6 Stlth+}
   (You acquired it on level 5 of the Dungeon)

   [ring of intelligence]

   Int:       It affects your intelligence (+6).
   Dex:       It affects your dexterity (+6).
   rF:        It protects you from fire.
   Stlth:     It makes you more stealthy.
 i - a +4 ring of slaying
 m - the ring "Tujyatim" {+Blink Int+6 Dex+6}
   (You found it on level 4 of the Lair of Beasts)

   [ring of intelligence]

   Int:       It affects your intelligence (+6).
   Dex:       It affects your dexterity (+6).
   +Blink:    It lets you blink.
 y - an amulet of magic regeneration (around neck)
 D - the ring of Ekeiply (right hand) {rElec Will- EV+4 Str+10 Int-5}
   (You bought it in a shop in a bazaar)

   [ring of evasion]

   EV:        It affects your evasion (+4).
   Str:       It affects your strength (+10).
   Int:       It affects your intelligence (-5).
   rElec:     It insulates you from electricity.
   Will:      It decreases your willpower.
 I - a ring of flight
 L - a ring of magical power
Wands
 a - a wand of quicksilver (3)
 f - a wand of digging (16)
 B - a wand of paralysis (24)
 E - a wand of polymorph (13)
 F - a wand of flame (28)
 K - a wand of roots (6)
 T - a wand of mindburst (5)
Scrolls
 c - a scroll of fog
 o - 3 scrolls of blinking
 q - 6 scrolls of immolation
 r - 6 scrolls of poison
 t - 4 scrolls of amnesia
 v - 3 scrolls of silence
 w - 4 scrolls of identify
 H - 4 scrolls of torment
 N - 3 scrolls of magic mapping
 O - 3 scrolls of vulnerability
 R - 6 scrolls of fear
Potions
 e - 3 potions of heal wounds
 j - 13 potions of curing
 k - 2 potions of magic
 p - 5 potions of mutation
 s - 9 potions of ambrosia
 u - 3 potions of brilliance
 x - a potion of flight
 A - 3 potions of might
 C - 4 potions of resistance
 V - 2 potions of cancellation
 X - 4 potions of invisibility
Miscellaneous
 z - a lightning rod (4/4)
 W - a box of beasts (inert)


   Skills:
 + Level 13.6 Fighting
 - Level 2.4 Axes
 * Level 16.6 Staves
 + Level 12.9 Armour
 - Level 2.9 Dodging
 - Level 7.0 Stealth
 + Level 15.2 Shields
 * Level 20.7 Evocations


You had 17 spell levels left.
You didn't know any spells.
Your spell library contained the following spells:

 Spells                   Type           Power      Damage    Failure   Level
 Apportation              Tloc           0%         N/A       97%         1
 Kiss of Death            Conj/Necr      0%         2d5       97%         1
 Necrotise                Necr           0%         1d4       97%         1
 Sandblast                Erth           0%         2d4       97%         1
 Sting                    Tmut/Pois      0%         1d3       97%         1
 Summon Small Mammal      Summ           0%         N/A       97%         1
 Ensorcelled Hibernation  Hex/Ice        0%         N/A       99%         2
 Passwall                 Tmut/Erth      0%         N/A       99%         2
 Poisonous Vapours        Pois/Air       0%         N/A       99%         2
 Sublimation of Blood     Necr           0%         N/A       99%         2
 Wereblood                Tmut           0%         N/A       99%         2
 Call Canine Familiar     Summ           0%         N/A       100%        3
 Confusing Touch          Hex            0%         N/A       100%        3
 Dazzling Flash           Conj/Hex       0%         N/A       100%        3
 Gell's Gravitas          Tloc           0%         N/A       100%        3
 Ignite Poison            Fire/Tmut/Pois 0%         N/A       100%        3
 Kindle Blastsparks       Fire/Tloc/Air  0%         2d10      100%        3
 Lesser Beckoning         Tloc           0%         N/A       100%        3
 Stone Arrow              Conj/Erth      0%         3d7       100%        3
 Summon Guardian Golem    Hex/Summ       0%         N/A       100%        3
 Teleport Other           Tloc           0%         N/A       100%        3
 Animate Armour           Summ/Erth      0%         N/A       100%        4
 Dispel Undead            Necr           0%         3d6       100%        4
 Fulminant Prism          Conj/Hex       0%         3d6       100%        4
 Iskenderun's Mystic Bla  Conj/Tloc      0%         2d3       100%        4
 Olgreb's Toxic Radiance  Pois           0%         N/A       100%        4
 Petrify                  Tmut/Erth      0%         N/A       100%        4
 Sticky Flame             Conj/Fire      0%         2d3       100%        4
 Summon Lightning Spire   Summ/Air       0%         N/A       100%        4
 Agony                    Necr           0%         N/A       100%        5
 Blade Hands              Tmut           0%         N/A       100%        5
 Fireball                 Conj/Fire      0%         3d3       100%        5
 Irradiate                Conj/Tmut      0%         3d11      100%        5
 Iskenderun's Battlesphe  Conj           0%         2d6       100%        5
 Lee's Rapid Deconstruct  Erth           0%         3d4*      100%        5
 Silence                  Hex/Air        0%         N/A       100%        5
 Conjure Ball Lightning   Conj/Air       0%         3x3d6     100%        6
 Iron Shot                Conj/Erth      0%         9d1       100%        6
 Orb of Destruction       Conj           0%         9d5       100%        7
 Storm Form               Tmut/Air       0%         N/A       100%        7
 Summon Hydra             Summ           0%         N/A       100%        7
 Ignition                 Fire           0%         3d3       100%        8
 Maxwell's Capacitive Co  Air            0%         ∞         100%        8
 Swiftness                Air            Unusable   N/A       N/A         3

Dungeon Overview and Level Annotations

Branches:
Dungeon (15/15)            Temple (0/1) D:4            Lair (5/5) D:8
  Swamp (0/4) Lair:2        Snake (0/4) Lair:3        Slime (0/5) Lair:4
    Orc (2/2) D:11            Elf (3/3) Orc:2        Vaults (0/5) D:13
 Depths (0/4) D:15          IceCv (visited)

Altars:
Cheibriados
Elyvilon
Fedhas
Gozag
Hepliaklqana
Kikubaaqudgha
Makhleb
Nemelex Xobeh
Okawaru
Qazlal
Vehumet
Wu Jian
Xom
Yredelemnul
The Shining One

Shops:
D:4 (   D:7 *   Orc:2 ?==

Annotations:
Elf:2 3 runed translucent doors


Innate Abilities, Weirdness & Mutations

Your life essence is reduced to manifest your ancestor. (-10% HP)
You cannot be hasted, slowed, berserked, paralysed or teleported.
You can dig through walls and to a lower floor.
You have a pair of large antennae on your head. (SInv)
Your four strong arms can wield two-handed weapons with a shield.
You are partially covered in iridescent scales. (AC +2)
You are frail. (-10% HP)
Your movements are slightly less encumbered by armour. (ER -2)


Message History

You block the fire elemental's attack.
You sock the fire elemental!
You electrocute the fire elemental!
The fire elemental is severely damaged.
You block the fire elemental's attack.
The deep elf demonologist mumbles some strange words.
A deep elf annihilator comes into view. It is wielding a +0 dagger.
You hear a shout!
You sock the fire elemental!
You destroy the fire elemental!
You hear a shout!
The Hell Sentinel gestures at you.
The sphere of damnation explodes!
The damnation engulfs you!!
You hear a shout! x5
As you read the scroll of fear, it crumbles to dust.
You assume a fearsome visage.
The deep elf annihilator resists with almost no effort.
The Tzitzimitl is unaffected.
The deep elf demonologist looks frightened!
The Hell Sentinel is unaffected.
The chaos spawn easily resists.
A deep elf blademaster comes into view.
It is wielding two +1 rapiers of draining.
The deep elf annihilator casts a spell.
The deep elf annihilator blinks!
The Hell Sentinel attacks as you move away!
The Hell Sentinel hits you but does no damage.
You block the Hell Sentinel's attack.
You open the lid... ...and an elder fireshock beast leaps out!
The box is emptied!
You block the Hell Sentinel's attack. x2
You swap places.
You are no longer corroded.
The Tzitzimitl calls on the powers of darkness!
The deep elf blademaster convulses!
The deep elf demonologist convulses!
Your elder fireshock beast convulses!
Your body is wracked with pain!
* * * LOW HITPOINT WARNING * * *
The Hell Sentinel gestures at you.
The sphere of damnation explodes!
The damnation engulfs your elder fireshock beast!!!
The damnation engulfs you!!
You die...

## { ....°°......... ##.#
.....#...#)§... ##.##
#......!......# ....#
#..§e.e.# ########
#########e#### .......#
#.....4.1.# ####.#.##
##....1#### # #.###.#
##..H## # #..#.## ##@## #
#....# ######.# ###.##.#
##...##.#
.......###.....#.###
###.#####..........########
#.# ##...................
#.###............########
#................#
#####........))..#


You could see a Hell Sentinel (summoned, ally target), a Tzitzimitl (summoned),
a deep elf blademaster, a deep elf demonologist, a chaos spawn (summoned) and a
friendly elder fireshock beast (summoned).

Vanquished Creatures
  Bai Suzhen (Elf:3)
  Kirke (D:15)
  2 deep elf sorcerers (Elf:3)
  Louise (Elf:3)
  Nessos (Lair:3)
  A deep elf death mage (Elf:3)
  An ettin (D:15)
  A deep elf high priest (Elf:1)
  A hydra (Lair:3)
  3 centaur warriors
  2 ogre magi (Orc:2)
  A death knight (D:9)
  2 ironbound frosthearts (IceCv)
  4 catoblepae
  4 boulder beetles
  9 death yaks
  6 dancing weapons
  3 two-headed ogres
  A tengu warrior (D:13)
  An orc high priest (Orc:1)
  Nergalle (Orc:2)
  3 deep elf knights
  3 skeletal warriors (D:14)
  A goliath frog (Lair:5)
  A deep troll (D:15)
  The ghost of themarg the Fighter, a novice MiMo of Okawaru (D:6)
  4 deep elf archers
  3 wizards (D:13)
  10 deep elf pyromancers
  2 ugly things (D:13)
  6 deep elf zephyrmancers
  3 oklob plants (Lair:4)
  6 orc sorcerers
  8 cyclopes
  A manticore (D:12)
  A black mamba (Lair:3)
  20 elephants
  An ice statue (IceCv)
  Joseph (D:7)
  13 cane toads
  A torpor snail (Lair:5)
  3 gargoyles
  A yaktaur (D:13)
  Maggie (D:8)
  4 kobold demonologists
  7 komodo dragons
  4 rime drakes
  A freezing wraith (D:14)
  4 trolls
  2 tengu conjurers (D:11)
  3 meliai
  10 polar bears
  A queen bee (Lair:4)
  A hornet (D:9)
  A troll (shapeshifter) (D:9)
  Prince Ribbit (D:6)
  16 blink frogs
  5 slime creatures (D:12)
  A dream sheep (Lair:4)
  An air elemental (Elf:2)
  2 shadows
  A wraith (D:9)
  12 humans
  52 yaks
  3 vampires
  2 hogs (D:15)
  2 steam dragons
  7 wyverns
  3 fire elementals
  4 basilisks
  9 vampire mosquitoes
  Duvessa (D:4)
  3 wargs
  3 acid dragons
  6 nagas (Lair:3)
  11 water moccasins
  12 orc warriors
  2 black bears (D:8)
  4 ogres
  16 wolves
  2 centaurs
  A phantom (D:11)
  3 kobold brigands
  11 bullfrogs
  3 gnoll sergeants
  2 earth elementals
  A necrophage (D:6)
  2 scorpions
  3 wights
  35 killer bees
  2 electric eels (Lair:5)
  2 howler monkeys
  5 hounds
  3 jellies
  4 orc priests
  7 iguanas
  28 orc wizards
  Terence (D:3)
  6 ogre zombies (D:11)
  8 gnolls
  5 adders
  2 white imps
  3 ufetubi
  A worm (D:2)
  3 dart slugs
  47 orcs
  7 ball pythons
  5 endoplasms
  A giant cockroach (D:4)
  5 goblins
  7 hobgoblins
  5 jackals
  A quokka (D:5)
  6 bats
  8 frilled lizards
  A goblin skeleton (D:11)
  3 goblin zombies (D:11)
  2 hobgoblin skeletons (D:11)
  2 hobgoblin zombies (D:11)
  15 kobolds
  An orc skeleton (D:11)
  5 orc zombies (D:11)
  2 rats (D:1)
624 creatures vanquished.

Vanquished Creatures (collateral kills)
  Asterion (Elf:3)
  A deep elf annihilator (Elf:3)
  Snorg (Lair:4)
  The ghost of Xutikh the Covert, a journeyman SpCA of Ignis (Lair:4)
  3 hydras
  A vault guard (D:13)
  A centaur warrior (D:15)
  An ogre mage (Orc:2)
  A boulder beetle (Lair:4)
  3 two-headed ogres
  2 death yaks
  Urug (Lair:4)
  6 dancing weapons
  A skeletal warrior (D:14)
  3 deep elf archers
  A wizard (D:15)
  5 deep elf zephyrmancers (Elf:1)
  2 deep elf pyromancers
  A will-o-the-wisp (Lair:2)
  An ugly thing (IceCv)
  4 orc sorcerers
  A cyclops (D:14)
  An oklob plant (Lair:4)
  8 elephants
  A black mamba (Lair:5)
  A torpor snail (Lair:4)
  7 cane toads
  3 rime drakes
  2 unseen horrors
  8 komodo dragons
  2 trolls
  2 polar bears (IceCv)
  A meliai (Lair:4)
  2 tyrant leeches (Lair:5)
  10 blink frogs
  10 dream sheep
  2 hornets (D:9)
  A water elemental (Elf:1)
  21 yaks
  3 wyverns
  9 humans (D:13)
  2 hogs (D:15)
  5 vampire mosquitoes
  2 basilisks
  Menkaure (D:7)
  A naga (Lair:3)
  3 orc warriors
  4 water moccasins
  2 ice beasts (D:6)
  An ogre (Orc:2)
  12 wolves
  3 phantoms
  A kobold brigand (D:11)
  8 bullfrogs
  2 earth elementals (Elf:3)
  A gnoll sergeant (D:10)
  A necrophage (D:4)
  2 scorpions
  3 wights (D:7)
  Dowan (D:4)
  11 killer bees
  3 howler monkeys
  An electric eel (Lair:5)
  2 orc priests
  A hound (D:7)
  6 iguanas
  17 orc wizards
  A hell rat (Lair:4)
  2 ogre zombies (D:11)
  6 gnolls
  2 adders
  A shadow imp (D:5)
  An ufetubus (D:5)
  A worm (D:5)
  2 dart slugs (D:1)
  37 orcs
  2 endoplasms
  A giant cockroach (D:1)
  A goblin (D:1)
  5 hobgoblins
  2 jackals (D:1)
  2 quokkas (D:1)
  5 ball pythons
  A bat (D:2)
  12 frilled lizards
  A hobgoblin zombie (D:11)
  11 kobolds
  3 orc skeletons (D:11)
  6 orc zombies (D:11)
  2 rats
339 creatures vanquished.

Vanquished Creatures (others)
  A wizard (D:15)
  A vampire mosquito (D:13)
  A killer bee (Lair:4)
  20 battlemagi
  An orc zombie (D:11)
  A bush (D:9)
  36 fungi
  102 plants
163 creatures vanquished.

Grand Total: 1126 creatures vanquished

Notes
Turn   | Place    | Note
-------+----------+-------------------------------------------
     0 | D:5      | purpskrrrp the Formicid Delver began the quest for the Orb.
     0 | D:5      | Reached XP level 1. HP: 18/18 MP: 1/1
    12 | D:5      | Noticed a hound
    23 | D:5      | Killed a hound
    24 | D:5      | Reached XP level 2. HP: 9/25 MP: 2/2
    24 | D:5      | Reached XP level 3. HP: 11/30 MP: 3/3
    26 | D:5      | Identified 3 scrolls of acquirement
    26 | D:5      | Acquired the +3 Elemental Staff {rElec rF++ rC++ AC+5}
    26 | D:5      | Found the +3 Elemental Staff {rElec rF++ rC++ AC+5}
    99 | D:5      | Acquired a +1 buckler of protection
   105 | D:5      | Acquired the ring of Ponkanoz {rF+ Int+6 Dex+6 Stlth+}
   138 | D:4      | Noticed Duvessa
   138 | D:4      | Noticed Dowan
   138 | D:4      | Found Irorotuk's Antique Weapon Boutique.
   168 | D:5      | Reached skill level 1 in Evocations
   168 | D:5      | Reached XP level 4. HP: 33/37 MP: 4/4
   178 | D:4      | Noticed a scorpion
   191 | D:4      | Killed a scorpion
   192 | D:4      | Reached skill level 1 in Staves
   192 | D:4      | Reached XP level 5. HP: 42/42 MP: 5/5
   420 | D:3      | Noticed Terence
   437 | D:3      | Killed Terence
   438 | D:3      | Reached skill level 2 in Evocations
   536 | D:3      | Found a shimmering altar of Xom.
   550 | D:3      | Found a faded altar of an unknown god.
   612 | D:3      | Prayed at the altar of an unknown god.
   612 | D:3      | Became a worshipper of Hepliaklqana the Forgotten
   612 | D:3      | Reached * piety under Hepliaklqana
   749 | D:4      | Found a glowing golden altar of the Shining One.
   821 | D:4      | Reached XP level 6. HP: 18/43 MP: 6/6
   880 | D:4      | Found an iron altar of Okawaru.
  1394 | D:2      | Reached ** piety under Hepliaklqana
  1395 | D:2      | Remembered your ancestor Sizwe as a battlemage
  1993 | D:1      | Reached skill level 3 in Evocations
  2672 | D:4      | Killed Dowan
  2673 | D:4      | Reached XP level 7. HP: 36/49 MP: 7/7
  2677 | D:4      | Killed Duvessa
  2678 | D:4      | Reached skill level 1 in Armour
  2678 | D:4      | Reached skill level 1 in Shields
  2901 | D:4      | Found a staircase to the Ecumenical Temple.
  2925 | D:4      | Reached skill level 4 in Evocations
  3429 | D:4      | Reached *** piety under Hepliaklqana
  3436 | D:4      | Found an ancient bone altar of Kikubaaqudgha.
  3446 | D:4      | Reached XP level 8. HP: 53/54 MP: 8/8
  3700 | D:5      | Reached skill level 5 in Fighting
  3708 | D:5      | Reached skill level 5 in Evocations
  3901 | D:5      | You fall into a shaft and drop 1 floor!
  4156 | D:6      | Noticed Prince Ribbit
  4172 | D:6      | Killed Prince Ribbit
  4173 | D:6      | Reached skill level 5 in Staves
  4173 | D:6      | Reached XP level 9. HP: 61/61 MP: 9/9
  4226 | D:6      | Reached skill level 6 in Evocations
  4370 | D:6      | Noticed a troll
  4371 | D:6      | Noticed a two-headed ogre
  4382 | D:6      | Killed a troll
  4386 | D:6      | Killed a two-headed ogre
  4387 | D:6      | Reached skill level 5 in Shields
  4387 | D:6      | Reached skill level 7 in Evocations
  4387 | D:6      | Reached XP level 10. HP: 34/69 MP: 10/10
  4552 | D:6      | Found a white marble altar of Elyvilon.
  4914 | D:6      | Found a runed translucent gate.
  4914 | D:6      | Found a runed translucent gate.
  4914 | D:6      | Found a runed translucent gate.
  4916 | D:6      | Found an opulent altar of Gozag.
  4917 | D:6      | Noticed an unseen horror
  4918 | D:6      | Noticed themarg's ghost (novice MiMo)
  4998 | D:5      | Found a snail-covered altar of Cheibriados.
  5237 | D:5      | Found a hazy altar of Hepliaklqana.
  5455 | D:7      | Reached **** piety under Hepliaklqana
  5626 | D:7      | Noticed Joseph
  5637 | D:7      | Killed Joseph
  5638 | D:7      | Reached skill level 8 in Evocations
  5684 | D:7      | Noticed Menkaure
  5689 | D:7      | Killed Menkaure
  5690 | D:7      | Reached skill level 5 in Armour
  5867 | D:7      | Found an ornate altar of the Wu Jian Council.
  5877 | D:7      | Found a large runed translucent door.
  5877 | D:7      | Found a large runed translucent door.
  6127 | D:7      | Found Jataetop's Neck Hole.
  6135 | D:7      | Bought the +0 cloak of the Turtle {Dex+7} for 314 gold
                  | pieces
  6702 | D:7      | Found a burning altar of Makhleb.
  6713 | D:7      | Found a stormy altar of Qazlal.
  6751 | D:8      | Noticed Maggie
  6763 | D:8      | Killed Maggie
  6945 | D:8      | Found a sparkling altar of Nemelex Xobeh.
  7013 | D:8      | Found a blossoming altar of Fedhas.
  7083 | D:8      | Reached ***** piety under Hepliaklqana
  7145 | D:8      | Found an opulent altar of Gozag.
  7183 | D:8      | Noticed an elephant
  7184 | D:8      | Found a staircase to the Lair.
  7194 | D:8      | Killed an elephant
  7195 | D:8      | Reached skill level 9 in Evocations
  7195 | D:8      | Reached XP level 11. HP: 46/75 MP: 11/11
  7895 | D:9      | Reached skill level 10 in Evocations
  8181 | D:9      | Noticed a boulder beetle
  8224 | D:9      | Killed a boulder beetle
  8308 | D:9      | Noticed a two-headed ogre
  8313 | D:9      | Killed a two-headed ogre
  8314 | D:9      | Reached XP level 12. HP: 77/84 MP: 12/12
  8411 | D:9      | Noticed a two-headed ogre
  8415 | D:9      | Killed a two-headed ogre
  8588 | D:9      | Noticed a two-headed ogre
  8596 | D:9      | Killed a two-headed ogre
  8597 | D:9      | Reached skill level 10 in Staves
  8597 | D:9      | Reached skill level 11 in Evocations
  8737 | D:9      | Noticed a two-headed ogre
  8746 | D:9      | Killed a two-headed ogre
  8756 | D:9      | Noticed a death knight
  8769 | D:9      | Killed a death knight
  9011 | D:9      | Found a basalt altar of Yredelemnul.
  9116 | D:10     | Entered Level 10 of the Dungeon
  9932 | D:11     | Noticed a two-headed ogre
  9940 | D:11     | Killed a two-headed ogre
  9981 | D:11     | Found a staircase to the Orcish Mines.
 10040 | D:11     | Found a frozen archway.
 10057 | IceCv    | Entered an ice cave
 10133 | IceCv    | Reached XP level 13. HP: 87/90 MP: 13/13
 10170 | IceCv    | Reached skill level 12 in Evocations
 10259 | IceCv    | Reached skill level 10 in Shields
 10722 | IceCv    | Gained mutation: You are clumsy. (Dex -2) [potion of
                  | mutation]
 10722 | IceCv    | Gained mutation: You passively map a small area around you.
                  | [potion of mutation]
 10723 | IceCv    | Lost mutation: You are clumsy. (Dex -2) [potion of
                  | mutation]
 10723 | IceCv    | Lost mutation: You passively map a small area around you.
                  | [potion of mutation]
 10723 | IceCv    | Gained mutation: You are clumsy. (Dex -2) [potion of
                  | mutation]
 10724 | IceCv    | Lost mutation: You are clumsy. (Dex -2) [potion of
                  | mutation]
 10724 | IceCv    | Gained mutation: Your movements are slightly less
                  | encumbered by armour. (ER -2) [potion of mutation]
 10724 | IceCv    | Gained mutation: You are partially covered in iridescent
                  | scales. (AC +2) [potion of mutation]
 10724 | IceCv    | Gained mutation: You are frail. (-10% HP) [potion of
                  | mutation]
 10745 | IceCv    | Noticed an ironbound frostheart
 10745 | IceCv    | Noticed an ironbound frostheart
 10782 | IceCv    | Killed an ironbound frostheart
 10867 | IceCv    | Killed an ironbound frostheart
 10868 | IceCv    | Reached skill level 10 in Fighting
 11253 | IceCv    | Reached skill level 13 in Evocations
 11599 | D:11     | Found a radiant altar of Vehumet.
 12713 | D:12     | Reached XP level 14. HP: 88/88 MP: 14/14
 13234 | D:13     | Found an iron altar of Okawaru.
 13550 | D:13     | Reached skill level 14 in Evocations
 13687 | D:13     | Reached ****** piety under Hepliaklqana
 14382 | D:13     | Found a gate to the Vaults.
 14910 | D:14     | Reached skill level 10 in Armour
 14948 | D:14     | Reached skill level 15 in Evocations
 15508 | D:15     | Entered Level 15 of the Dungeon
 15569 | D:15     | Found a staircase to the Depths.
 15570 | D:15     | Reached XP level 15. HP: 44/95 MP: 15/15
 15599 | D:15     | Found a flickering gateway to a bazaar.
 15613 | Bazaar   | Entered a bazaar
 15615 | Bazaar   | Found Sytob's Magic Scroll Boutique.
 15619 | Bazaar   | Bought a scroll of enchant armour for 97 gold pieces
 15619 | Bazaar   | Bought a scroll of summoning for 123 gold pieces
 15619 | Bazaar   | Bought a scroll of identify for 26 gold pieces
 15619 | Bazaar   | Found Ojameaz's Jewellery Boutique.
 15620 | Bazaar   | Found Mitejog's Weapon Boutique.
 15621 | Bazaar   | Found Neovones's Antique Weapon Boutique.
 15637 | Bazaar   | Bought the ring of Ekeiply {rElec Will- EV+4 Str+10 Int-5}
                  | for 619 gold pieces
 15912 | D:15     | Identified the +5 war axe of Living Conscience {pain,
                  | Str+4}
 16097 | D:15     | Noticed Kirke
 16112 | D:15     | Killed Kirke
 16474 | Lair:1   | Entered Level 1 of the Lair of Beasts
 16562 | Lair:1   | Reached skill level 16 in Evocations
 17299 | Lair:2   | Found a staircase to the Swamp.
 17558 | Lair:2   | You fall into a shaft and drop 2 floors!
 17694 | Lair:4   | Reached skill level 17 in Evocations
 17909 | Lair:4   | Noticed Urug
 17926 | Lair:4   | Killed Urug
 18039 | Lair:4   | Reached XP level 16. HP: 78/101 MP: 16/16
 18422 | Lair:4   | Found a runed translucent gate.
 18424 | Lair:4   | Found a runed translucent gate.
 18425 | Lair:4   | Found a runed translucent gate.
 18426 | Lair:4   | Noticed Xutikh's ghost (journeyman SpCA)
 18568 | Lair:4   | Noticed Snorg
 18581 | Lair:4   | Killed Snorg
 18713 | Lair:4   | Found a staircase to the Slime Pits.
 18917 | Lair:3   | Identified the +12 flail of the Skies Above {vamp, *Noise
                  | rC+++ Str+8 Dex-5}
 19049 | Lair:3   | Reached skill level 18 in Evocations
 19179 | Lair:3   | Noticed Nessos
 19194 | Lair:3   | Killed Nessos
 19531 | Lair:3   | Found a staircase to the Snake Pit.
 20739 | Lair:5   | Entered Level 5 of the Lair of Beasts
 20745 | Lair:5   | Reached skill level 15 in Staves
 21085 | Lair:5   | Reached skill level 19 in Evocations
 21642 | Lair:5   | Reached XP level 17. HP: 108/108 MP: 17/17
 22076 | Lair:4   | Killed Xutikh's ghost
 22311 | Lair:4   | Identified the ring "Tujyatim" {+Blink Int+6 Dex+6}
 22697 | D:6      | Killed themarg's ghost
 22851 | Orc:1    | Entered Level 1 of the Orcish Mines
 23220 | Orc:2    | Entered Level 2 of the Orcish Mines
 23331 | Orc:2    | Found a staircase to the Elven Halls.
 23928 | Orc:2    | Found Nualio's Antique Armour Shop.
 24015 | Orc:2    | Found a radiant altar of Vehumet.
 24038 | Orc:2    | Reached skill level 20 in Evocations
 24213 | Orc:2    | Noticed Nergalle
 24216 | Orc:2    | Found Doteoca's Jewellery Boutique.
 24223 | Orc:2    | Found Minliah's Jewellery Shop.
 24241 | Orc:2    | Killed Nergalle
 24308 | Orc:2    | Found an ancient bone altar of Kikubaaqudgha.
 24342 | Orc:2    | Found Voeh's Magic Scroll Boutique.
 24350 | Orc:2    | Bought a scroll of identify for 24 gold pieces
 24350 | Orc:2    | Bought a scroll of identify for 24 gold pieces
 24516 | Elf:1    | Entered Level 1 of the Elven Halls
 24610 | Elf:1    | Found a radiant altar of Vehumet.
 26280 | Elf:2    | Found a runed translucent gate.
 26280 | Elf:2    | Found a runed translucent gate.
 26280 | Elf:2    | Found a runed translucent gate.
 26288 | Elf:2    | Reached skill level 15 in Shields
 26416 | Elf:3    | Entered Level 3 of the Elven Halls
 26416 | Elf:3    | Noticed Asterion
 26430 | Elf:3    | Killed Asterion
 26609 | Elf:3    | Noticed Bai Suzhen
 26609 | Elf:3    | Noticed Louise
 26623 | Elf:3    | Killed Bai Suzhen
 26692 | Elf:3    | Killed Louise
 26805 | Elf:3    | Reached XP level 18. HP: 115/115 MP: 18/18
 27148 | Elf:3    | Noticed a Hell Sentinel
 27163 | Elf:3    | Noticed a Tzitzimitl
 27164 | Elf:3    | Noticed a deep elf blademaster
 27168 | Elf:3    | Killed from afar by a Hell Sentinel

Illustrated notes

Levels and vault maps discovered:
D:1:      dpeg_arrival_water_temple_mockup, layout_basic,
          nicolae_figureground_pulse
D:2:      layout_loops_cross, minmay_goblin_kobold_house
D:3:      layout_basic, xom_teletrap_fun,
          hellmonk_ecumenical_altar_heavens_door, chequers_jeans, minmay_cupped,
          uniq_terence
D:4:      cheibrodos_thug_alley, layout_layer_cave, tso_altar,
          mainiacjoe_overflow_brackets, mainiacjoe_overflow_boulevard,
          minmay_temple_entry_sparse_star, serial_shops, shop, uniq_duvessa
D:5:      layout_basic, lemuel_doored_altar, nicolae_hepliaklqana_hazy_memory,
          minmay_a_box_with_orc_wizards_in_it
D:6:      minmay_chambers_of_sixes, layout_basic, mainiacjoe_overflow_alcove_4,
          ebering_ghost_gozag, uniq_prince_ribbit1
D:7:      layout_layer_cave, mainiacjoe_overflow_small_starburst,
          jmf_multi_god_temple2, nicolae_shop_sticking_my_neck_out,
          uniq_menkaure, uniq_joseph
D:8:      layout_cave_pods, nicolae_gozag_cash_rules_everything_around_me,
          fedhas_ov_isle_minmay, mainiacjoe_overflow_catwalk,
          david_lair_generic, special_room [special_room_orc], uniq_maggie
D:9:      nzn_winding_woodlands_medium [nzn_winding_woodlands_5x5_three,
          nzn_winding_woodlands_5x15_sawtooth,
          nzn_winding_woodlands_5x5_closed_star,
          nzn_winding_woodlands_5x5_cross, nzn_winding_woodlands_center_garden,
          nzn_winding_woodlands_5x5_default, nzn_winding_woodlands_hourglass,
          nzn_winding_woodlands_5x15_crooked,
          nzn_winding_woodlands_5x5_checkerboard], layout_rooms,
          mainiacjoe_overflow_chevrons, blue_anna_alchemist, uniq_psyche
D:10:     layout_cave_pods, chequers_decorated_corner, hangedman_decor_riveting
D:11:     layout_irregular_city, zombieorc2_lemuel,
          portal_ice_cave_entry_pillars_1, nicolae_vehumet_radiance
D:12:     layout_roguey
D:13:     layout_small_grid, grunt_vaults_entry_tiered, minmay_ruined_shrine
D:14:     layout_basic, minivault_26
D:15:     hangedman_depths_entry_civil_slaughter, layout_irregular_city,
          small_statue_intersection, serial_shops, bzr_entry_customers,
          uniq_kirke
Lair:1:   lemuel_reptile_caves, layout_regular_city, grunt_megastairs_1
Lair:2:   layout_small_grid, minmay_swamp_entry_wisps
Lair:3:   layout_cellular_growth, minmay_snake_entry_guardpost_medium,
          uniq_nessos
Lair:4:   hangedman_what_comes_after_a, layout_regular_city, slime_entry_1,
          gammafunk_ghost_split, uniq_snorg, uniq_urug
Lair:5:   minmay_lair_end_frog_pond, layout_regular_city, serial_bayou_shore_a
Orc:1:    layout_caves
Orc:2:    kennysheep_orc_mage_school, layout_caves, nicolae_orc_crystal_geode
Elf:1:    layout_geoelf_octagon, serial_co_window_serial,
          co_window_of_opportunity_a, co_window_of_opportunity_a,
          co_window_paths_b, co_window_paths_a, co_window_corner_a,
          co_window_of_opportunity_a, co_window_unsneaky_path_b,
          co_window_corner_b, co_window_unsneaky_path_c, co_window_broadway_c,
          co_window_broadway_c, co_window_4corner_b, co_window_paths_d,
          glass_columns_c, glass_columns_b, grunt_ministairs_12,
          david_defended_altar_elf
Elf:2:    elven_hall_of_blades_hangedman_original [nicolae_blade_tridents],
          layout_rooms
Elf:3:    minmay_elf_hall_furrowed, layout_loops_corners, uniq_bai_suzhen,
          uniq_louise, uniq_asterion

Skill      XL: |  1  2  3  4  5  6  7  8  9 10 11 12 13 14 15 16 17 |
---------------+----------------------------------------------------+-----
Dodging        | 2 |  2.9
Evocations     | 1 2 3 4 5 7 9 10 11 13 15 17 19 20 | 20.7
Staves         | 1 2 3 5 6 8 9 10 12 13 14 15 16 | 16.6
Fighting       | 4 5 6 7 8 9 10 11 12 13 | 13.6
Stealth        | 7 |  7.0
Armour         | 1 3 4 5 6 8 9 10 11 12 | 12.9
Shields        | 2 3 5 6 8 9 10 12 13 14 15 | 15.2
Axes           | |  2.4

Action                   |  1- 3 |  4- 6 |  7- 9 | 10-12 | 13-15 | 16-18 || total
-------------------------+-------+-------+-------+-------+-------+-------++-------
Melee: Hand axe          |     8 |       |       |       |       |       ||     8
       Staff             |    10 |   129 |   115 |   472 |   734 |   659 ||  2119
Invok: Ancestor Life: Ba |       |     1 |       |       |       |       ||     1
       Recall Ancestor   |       |       |     1 |       |     1 |       ||     2
 Abil: Dig               |       |       |     2 |       |     1 |       ||     3
       Shaft Self        |       |       |     1 |       |       |       ||     1
Evoke: Wand              |       |       |       |       |    14 |     7 ||    21
       Box of beasts     |       |       |       |       |       |     3 ||     3
  Use: Scroll            |     3 |       |     1 |     1 |    17 |    18 ||    40
       Potion            |       |       |     1 |       |     5 |     4 ||    10
 Stab: Sleeping          |       |    31 |     1 |     3 |     9 |    20 ||    64
       Distracted        |       |     1 |     2 |    10 |    19 |    24 ||    56
       Petrified         |       |       |       |       |     1 |       ||     1
Armor: Leather armour    |    11 |    23 |       |       |       |       ||    34
       Chain mail        |       |     4 |    69 |   117 |       |       ||   190
       Acid dragon scale |       |       |       |    15 |   129 |    28 ||   172
       Fire dragon scale |       |       |       |       |       |   119 ||   119
       Plate armour      |       |       |       |       |       |     8 ||     8
Dodge: Dodged            |    14 |    54 |    60 |   108 |   229 |   176 ||   641
Block: Buckler           |     5 |    25 |    55 |   117 |       |       ||   202
       Tower shield      |       |       |       |   133 |   677 |   620 ||  1430

Table legend: (Time is in decaauts)
 A = Elapsed time spent in this place.
 B = Non-inter-level travel time spent in this place.
 C = Inter-level travel time spent in this place.
 D = Time resting spent in this place.
 E = Time spent auto-exploring this place.
 F = Levels seen in this place.
 G = Mean time per level.
                   A        B        C        D        E       F      G
               +--------+--------+--------+--------+--------+-----+--------+
         Total |  26902 |  25477 |   1425 |   3141 |  17046 |  27 |  996.4 |
       Dungeon |  15136 |  14145 |    991 |   1448 |   9938 |  15 | 1009.1 |
          Lair |   6027 |   5747 |    280 |    850 |   3564 |   5 | 1205.4 |
  Orcish Mines |   1631 |   1552 |     79 |    361 |    936 |   2 |  815.5 |
   Elven Halls |   2606 |   2533 |     73 |    123 |   1917 |   3 |  868.7 |
        Bazaar |     35 |     35 |      0 |      0 |      0 |   1 |   35.0 |
      Ice Cave |   1465 |   1465 |      0 |    359 |    691 |   1 | 1465.0 |
               +--------+--------+--------+--------+--------+-----+--------+

Top non-repeatable levels by time:
  Lair:4: 1756 daAuts
    D:13: 1518 daAuts
     D:4: 1483 daAuts
   IceCv: 1465 daAuts
   Elf:1: 1348 daAuts
     D:9: 1343 daAuts
     D:7: 1339 daAuts
  Lair:5: 1321 daAuts
   Orc:2: 1268 daAuts
     D:6: 1268 daAuts
  Lair:3: 1177 daAuts
     D:8: 1064 daAuts
    D:12: 963 daAuts
  Lair:2: 941 daAuts
    D:11: 912 daAuts
